[Event "Titled Tuesday Blitz March 21 Late 2023"]
[White "Lauridsen, Jesper Morch"]
[Black "Szente Varga, Fruzsina"]
[WhiteFideId "1401890"]
[BlackFideId "712264"]
[WhiteElo "2290"]
[BlackElo "1994"]
[Result "0-1"]
[Round "08"]
[TimeControl "180+2"]
[Date "2023.03.21"]
[WhiteClock "0:00:04"]
[BlackClock "0:00:23"]

1. e4 Nf6 2. e5 Nd5 3. d4 d6 4. Nf3 g6 5. Bc4 c6 6. Bb3 Bg7 7. c4 Nb6 8. Nc3 O-O 9. h3 dxe5 10. Nxe5 Qc7 11. Bf4 Qd8 12. O-O N8d7 13. c5 Nxe5 14. dxe5 Nd7 15. e6 Nxc5 16. exf7+ Kh8 17. Qc2 Bf5 18. Qe2 Nxb3 19. axb3 Rxf7 20. Rfd1 Qb6 21. Be5 Raf8 22. g4 Bc8 23. Bxg7+ Kxg7 24. Ne4 Qxb3 25. Ng5 Rxf2 26. Qxe7+ Kh6 27. Ne4 R2f7 28. g5+ Kg7 29. Qe5+ Kg8 30. Nf6+ Rxf6 31. gxf6 Bxh3 32. Re1 Qb6+ 33. Qe3 Qxe3+ 34. Rxe3 Bf5 35. Re5 Rxf6 36. Rxa7 Rf7 37. Re8+ Kg7 38. Rb8 b5 39. Rxf7+ Kxf7 40. Rb7+ Kf6 41. Rxh7 g5 42. Rc7 Be4 43. Kf2 Kf5 44. Ke3 Bd5 45. Re7 g4 46. Re8 g3 47. Rf8+ Ke6 48. Rg8 g2 49. Kf2 Kd6 50. b4 Ke5 51. Rg4 Kf5 52. Rd4 Ke5 53. Rg4 Be4 54. Rg5+ Kd4 55. Rc5 Bd5 56. Rc1 Kd3 57. Kg1 Kd2 58. Rc5 Ke3 59. Rc3+ Kf4 60. Rc4+ Ke5 61. Rc5 Kd4 62. Rc1 Kd3 63. Rd1+ Kc4 64. Rc1+ Kxb4 65. Rc2 Bc4 66. Rxg2 c5 67. Kf2 Bd5 68. Rg3 c4 69. Ke1 Be4 70. Kd2 Bd3 71. Kc1 Kb3 72. Rf3 Kc3 73. Re3 b4 74. Rg3 b3 75. Rg2 Kb4 76. Kd2 b2 77. Rg1 b1=Q 78. Rxb1+ Bxb1 79. Kc1 Bh7 80. Kb2 c3+ 81. Ka2 Kc4 82. Ka1 Kd3 83. Ka2 c2 84. Kb2 Kd2 85. Kb3 c1=Q 0-1


[Site "https://www.chess.com"]

[Event "Titled Tuesday Blitz March 21 Late 2023"]
[White "Yuan, Qingyu"]
[Black "Quinones Garcia, Santiago"]
[WhiteFideId "8609772"]
[BlackFideId "4408497"]
[WhiteElo "2359"]
[BlackElo "2263"]
[Result "1-0"]
[Round "08"]
[TimeControl "180+2"]
[Date "2023.03.21"]
[WhiteClock "0:01:18"]
[BlackClock "0:01:42"]

1. e4 e5 2. Nf3 Nc6 3. Bb5 a6 4. Ba4 Nf6 5. O-O Be7 6. Re1 b5 7. Bb3 O-O 8. a4 b4 9. a5 d6 10. h3 Rb8 11. d4 exd4 12. Nxd4 Nxd4 13. Qxd4 c5 14. Qd3 Qc7 15. Bf4 Nd7 16. Nd2 Ne5 17. Bxe5 dxe5 18. Bd5 Bd7 19. Bc4 Bb5 20. Qb3 Bxc4 21. Nxc4 Rfd8 22. Ne3 Qc6 23. Nd5 Bf8 24. Qc4 Rb5 25. Red1 Bd6 26. Rd3 Bc7 27. Ne7+ 1-0


[Site "https://www.chess.com"]

[Event "Titled Tuesday Blitz March 21 Late 2023"]
[White "Spata, German"]
[Black "Escanor89"]
[WhiteFideId "113026"]
[WhiteElo "2238"]
[BlackElo "2500"]
[Result "0-1"]
[Round "08"]
[TimeControl "180+2"]
[Date "2023.03.21"]
[WhiteClock "0:00:04"]
[BlackClock "0:00:04"]

1. Nf3 Nf6 2. g3 e6 3. b3 d5 4. Bb2 Be7 5. Bg2 O-O 6. O-O a5 7. c4 c6 8. d3 Nbd7 9. Nc3 b6 10. e4 Bb7 11. Qe2 Nc5 12. Rad1 dxe4 13. dxe4 Qc7 14. e5 Nfd7 15. h4 Rfd8 16. h5 h6 17. Rd2 Nf8 18. Rfd1 Rxd2 19. Rxd2 Rd8 20. Qd1 Rxd2 21. Qxd2 Qd7 22. Nd4 Qc7 23. f4 Nfd7 24. Kh2 Nb8 25. Ne4 Nxe4 26. Bxe4 c5 27. Nb5 Qc8 28. Bxb7 Qxb7 29. Nd6 Qf3 30. Nc8 Nc6 31. Nxb6 Nb4 32. Nc8 Bf8 33. Nd6 Nd3 34. Bc3 Nf2 35. Kg1 Qxg3+ 36. Kf1 Ng4 37. Ne4 Qh3+ 38. Ke2 Qg2+ 39. Kd3 Qf3+ 40. Kc2 Qxe4+ 41. Qd3 Qxf4 42. Bxa5 Nxe5 43. Qd2 Qe4+ 44. Kb2 Nc6 45. Bc3 Be7 46. a4 Bf6 47. a5 Bxc3+ 48. Qxc3 Qe2+ 49. Ka3 Nb4 50. Ka4 Qh2 51. Kb5 Qc7 52. Qd2 Qc6# 0-1


[Site "https://www.chess.com"]

[Event "Titled Tuesday Blitz March 21 Late 2023"]
[White "Jessel, Stephen"]
[Black "Balla, Tamas-Kristof"]
[WhiteFideId "628859"]
[BlackFideId "1208497"]
[WhiteElo "2268"]
[BlackElo "2334"]
[Result "1-0"]
[Round "08"]
[TimeControl "180+2"]
[Date "2023.03.21"]
[WhiteClock "0:02:14"]
[BlackClock "0:01:52"]

1. g3 c5 2. c4 Nc6 3. Bg2 g6 4. Nc3 Bg7 5. b3 e6 6. Bb2 Nge7 7. Na4 Bxb2 8. Nxb2 d5 9. Na4 b6 10. e3 d4 11. exd4 Qxd4 12. Ne2 Qd6 13. O-O O-O 14. d4 cxd4 15. Nxd4 Bb7 16. Nxc6 1-0


[Site "https://www.chess.com"]

[Event "Titled Tuesday Blitz March 21 Late 2023"]
[White "Turayev, Shahruh"]
[Black "aidenzhouu"]
[WhiteFideId "14003856"]
[WhiteElo "2171"]
[BlackElo "2460"]
[Result "0-1"]
[Round "08"]
[TimeControl "180+2"]
[Date "2023.03.21"]
[WhiteClock "0:01:19"]
[BlackClock "0:00:14"]

1. e4 c6 2. Nc3 d5 3. exd5 cxd5 4. d4 Nf6 5. Bf4 Bg4 6. f3 Bf5 7. Nb5 Na6 8. c3 g6 9. Qa4 Bd7 10. Qd1 Bg7 11. Bd3 O-O 12. a4 Nh5 13. Be5 Bxe5 14. dxe5 Nf4 15. g3 Nxd3+ 16. Qxd3 Bf5 17. Qd2 Nc5 18. Nd4 Nd3+ 19. Kf1 Nxe5 20. Nxf5 gxf5 21. Kg2 e6 22. Ne2 Nc4 23. Qh6 Kh8 24. Nf4 Rg8 25. h4 e5 26. Nh5 Rg6 27. Qc1 f4 28. g4 Qb6 29. b3 Qxb3 30. Rb1 Qa2+ 31. Kh3 Ne3 32. Rh2 Qxa4 33. Rxb7 Qc6 34. Rhb2 Rag8 35. Rxf7 d4 36. Qh1 Rxg4 37. Rbb7 Rg3+ 38. Nxg3 Rxg3+ 39. Kh2 Ng4+ 40. fxg4 Rh3+ 41. Kxh3 Qxh1# 0-1


[Site "https://www.chess.com"]

[Event "Titled Tuesday Blitz March 21 Late 2023"]
[White "Tworuszka, Michal"]
[Black "Sielecki, Christof"]
[WhiteFideId "1117858"]
[BlackFideId "4620437"]
[WhiteElo "2455"]
[BlackElo "2443"]
[Result "0-1"]
[Round "08"]
[TimeControl "180+2"]
[Date "2023.03.21"]
[WhiteClock "0:00:24"]
[BlackClock "0:00:27"]

1. e4 c5 2. Nf3 a6 3. Nc3 b5 4. d4 cxd4 5. Nxd4 e6 6. Bd3 Qb6 7. Nb3 Qc7 8. O-O Bb7 9. f4 b4 10. Ne2 Nf6 11. Ng3 h5 12. Qe1 h4 13. Nh1 h3 14. g3 a5 15. Nf2 a4 16. Nd2 Bc5 17. Kh1 d6 18. Nf3 Nbd7 19. Be3 d5 20. Ng5 dxe4 21. Nfxe4 Bxe3 22. Qxe3 Nd5 23. Qd4 O-O 24. Kg1 e5 25. fxe5 Nxe5 26. Nc5 Nxd3 27. cxd3 Nf6 28. Nxb7 Qxb7 29. Ne4 Nxe4 30. Qxe4 Qb6+ 31. d4 Rad8 32. Rad1 Rd6 33. Rf2 Re6 34. Qg4 b3 35. axb3 Qxb3 36. Qxh3 Qxd1+ 0-1


[Site "https://www.chess.com"]

[Event "Titled Tuesday Blitz March 21 Late 2023"]
[White "Ismagilov, Damir"]
[Black "Przybylski, Wojciech"]
[WhiteFideId "34199982"]
[BlackFideId "1117599"]
[WhiteElo "2078"]
[BlackElo "2222"]
[Result "1-0"]
[Round "08"]
[TimeControl "180+2"]
[Date "2023.03.21"]
[WhiteClock "0:00:46"]
[BlackClock "0:00:50"]

1. d4 d5 2. Nf3 Nf6 3. Bg5 e6 4. Nbd2 Be7 5. e3 O-O 6. Bd3 b6 7. h4 Bb7 8. Bxf6 Bxf6 9. g4 g6 10. g5 Bg7 11. h5 Nd7 12. Qe2 e5 13. dxe5 Nxe5 14. hxg6 Nxd3+ 15. Qxd3 fxg6 16. O-O-O Qe7 17. Rh3 Qb4 18. c3 Qa4 19. Rdh1 Rf5 20. Rxh7 Qxa2 21. Rxg7+ Kxg7 22. Qd4+ Kf7 23. Rh7+ Ke6 24. Qg7 Qa1+ 25. Nb1 Rxf3 26. Qd7+ Ke5 27. Re7# 1-0


[Site "https://www.chess.com"]

[Event "Titled Tuesday Blitz March 21 Late 2023"]
[White "Sivakumar, Shaaketh"]
[Black "Ronka, Erik"]
[WhiteFideId "30940176"]
[BlackFideId "505080"]
[WhiteElo "2174"]
[BlackElo "2264"]
[Result "1-0"]
[Round "08"]
[TimeControl "180+2"]
[Date "2023.03.21"]
[WhiteClock "0:01:36"]
[BlackClock "0:00:03"]

1. c4 c6 2. Nf3 d5 3. e3 Nf6 4. b3 Bg4 5. Bb2 Nbd7 6. Be2 e6 7. O-O Bd6 8. d3 O-O 9. Nbd2 Qe7 10. Re1 e5 11. e4 dxe4 12. Nxe4 Nxe4 13. dxe4 a5 14. h3 Bxf3 15. Bxf3 Rfd8 16. Qe2 Nf8 17. Red1 Ne6 18. g3 f6 19. Bg4 Bc5 20. Bxe6+ Qxe6 21. Kg2 a4 22. Rd3 a3 23. Bc3 Bd4 24. Bxd4 exd4 25. Rad1 c5 26. f3 Re8 27. Qd2 Re7 28. b4 b6 29. Re1 Qxc4 30. bxc5 bxc5 31. Rc1 Qb5 32. Rb3 Qc6 33. Qxd4 Rc8 34. Qc4+ Kh8 35. Rxa3 Rd7 36. Rc2 Qd6 37. Re3 h6 38. Ree2 Qd1 39. Qc3 c4 40. Re1 Qd6 41. Rec1 Qa6 42. h4 Qe6 43. Qb4 Rdc7 44. a4 c3 45. Rxc3 Rxc3 46. Rxc3 Rxc3 47. Qxc3 Qa2+ 48. Kh3 Qxa4 49. Qc8+ Kh7 50. Qf5+ Kh8 51. g4 Qe8 52. Kg3 Qb8+ 53. Qf4 Qe8 54. Qd6 Kg8 55. Kf4 Qa4 56. Qd8+ Kh7 57. Qd3 Qa1 58. e5+ Kg8 59. Qd8+ Kf7 60. Qd7+ Kg6 61. Qd3+ Kf7 62. Qc4+ Kg6 63. Qe4+ Kf7 64. Qb7+ Kg6 65. Qe4+ Kf7 66. exf6 Kxf6 67. Qf5+ Ke7 68. Qe5+ Qxe5+ 69. Kxe5 Kf7 70. h5 Ke7 71. Kf5 Kf7 72. f4 Kf8 73. Kg6 Kg8 74. f5 Kf8 75. f6 Kg8 76. Kf5 Kf7 77. fxg7 Kxg7 78. Ke6 Kh7 79. Kf6 Kh8 80. Kg6 1-0


[Site "https://www.chess.com"]

[Event "Titled Tuesday Blitz March 21 Late 2023"]
[White "Melikhov, Evgeny V."]
[Black "Marjanovic, Annamaria"]
[WhiteFideId "4122046"]
[BlackFideId "750930"]
[WhiteElo "2158"]
[BlackElo "2212"]
[Result "0-1"]
[Round "08"]
[TimeControl "180+2"]
[Date "2023.03.21"]
[WhiteClock "0:00:01"]
[BlackClock "0:01:18"]

1. d4 f5 2. e4 fxe4 3. Nc3 Nf6 4. Bg5 Nc6 5. d5 Ne5 6. Qe2 Nf7 7. Bxf6 exf6 8. Nxe4 Qe7 9. O-O-O f5 10. Ng3 Qxe2 11. N1xe2 g6 12. h4 Bh6+ 13. Kb1 O-O 14. h5 Kg7 15. Nd4 d6 16. Bc4 Ne5 17. Bb3 Bd7 18. hxg6 hxg6 19. f3 Rae8 20. Ne6+ Bxe6 21. dxe6 Rh8 22. Rh3 Bg5 23. Rdh1 c6 24. Rxh8 Rxh8 25. Rxh8 Kxh8 26. f4 Bf6 27. fxe5 dxe5 28. Ne2 Kg7 29. c3 Kf8 30. Kc2 Ke7 31. Kd2 Bg5+ 32. Kd1 Be3 33. Ng3 Kd6 34. a4 a6 35. Kc2 b5 36. axb5 axb5 37. Nf1 Bf4 38. g3 Bg5 39. c4 b4 40. Kd3 e4+ 41. Kc2 Kxe6 42. Ba4 Kd6 43. Kd1 Bf6 44. Kc2 Be5 45. Bb3 g5 46. Kd2 Bxb2 47. Ne3 Ke5 0-1


[Site "https://www.chess.com"]

[Event "Titled Tuesday Blitz March 21 Late 2023"]
[White "liwadas82"]
[Black "Vovk, Orest"]
[BlackFideId "14113490"]
[WhiteElo "2413"]
[BlackElo "2215"]
[Result "0-1"]
[Round "08"]
[TimeControl "180+2"]
[Date "2023.03.21"]
[WhiteClock "0:00:03"]
[BlackClock "0:00:17"]

1. e4 g5 2. d4 g4 3. Nc3 Bg7 4. Be3 h5 5. h3 d6 6. Be2 c6 7. hxg4 Qb6 8. b3 Qb4 9. Qd2 hxg4 10. Rxh8 Bxh8 11. O-O-O Qa3+ 12. Kb1 a5 13. Na4 Be6 14. c3 b5 15. Nb6 Ra6 16. d5 a4 17. Qb2 axb3 18. axb3 Bd7 19. Qxa3 Rxa3 20. Kb2 b4 21. Bd4 Bxd4 22. Rxd4 c5 23. Rd2 Nf6 24. cxb4 cxb4 25. Nxd7 Nbxd7 26. Rd4 Nc5 27. f3 Rxb3+ 28. Kc2 Rc3+ 29. Kd2 Nb3+ 30. Ke1 Nxd4 0-1


[Site "https://www.chess.com"]

[Event "Titled Tuesday Blitz March 21 Late 2023"]
[White "Yelisieiev, Yevhenii"]
[Black "Toktomushev, Teimur"]
[WhiteFideId "14139642"]
[BlackFideId "14176726"]
[WhiteElo "2447"]
[BlackElo "2116"]
[Result "0-1"]
[Round "08"]
[TimeControl "180+2"]
[Date "2023.03.21"]
[WhiteClock "0:00:01"]
[BlackClock "0:00:05"]

1. d4 d5 2. Nf3 Nf6 3. c4 e6 4. Nc3 Be7 5. Bg5 O-O 6. e3 h6 7. Bh4 b6 8. cxd5 Nxd5 9. Bxe7 Qxe7 10. Nxd5 exd5 11. Be2 Bb7 12. O-O Nd7 13. Rc1 c5 14. dxc5 bxc5 15. Qa4 d4 16. exd4 Qxe2 17. Qxd7 Bxf3 18. Rfe1 Qxb2 19. gxf3 cxd4 20. Rb1 Qc3 21. Rec1 Qxf3 22. Qxd4 Rfe8 23. Rb3 Qf5 24. Rg3 g6 25. Rc7 Rad8 26. Qa1 Rd2 27. Qf1 Red8 28. Rc1 Qh5 29. Re1 Rd1 30. Rge3 R8d5 31. Kh1 Rxe1 32. Rxe1 Rg5 0-1


[Site "https://www.chess.com"]

[Event "Titled Tuesday Blitz March 21 Late 2023"]
[White "Fernandez Siles, Luis"]
[Black "angelgab3"]
[WhiteFideId "2209420"]
[WhiteElo "2186"]
[BlackElo "2526"]
[Result "1/2-1/2"]
[Round "08"]
[TimeControl "180+2"]
[Date "2023.03.21"]
[WhiteClock "0:00:11"]
[BlackClock "0:00:32"]

1. d4 Nf6 2. c4 e6 3. Nc3 d5 4. cxd5 exd5 5. Bg5 Nbd7 6. Qb3 Be7 7. Nf3 c6 8. g3 O-O 9. Bg2 Re8 10. O-O Ne4 11. Nxe4 dxe4 12. Bxe7 Qxe7 13. Nd2 e3 14. Ne4 exf2+ 15. Rxf2 Nf8 16. Nc3 Be6 17. d5 cxd5 18. Nxd5 Qd7 19. Rd1 Rad8 20. e4 b6 21. Rdf1 Ng6 22. Qc3 Qd6 23. a4 Qe5 24. Qb4 Rc8 25. a5 bxa5 26. Qxa5 Qb8 27. Kh1 Ne5 28. Qd2 Nc4 29. Qg5 Kh8 30. h4 Qe5 31. Qxe5 Nxe5 32. Nf4 Rb8 33. Nxe6 Rxe6 34. Bh3 Reb6 35. Rf5 f6 36. g4 Rxb2 37. g5 R2b3 38. Kh2 Rb2+ 39. R1f2 Rxf2+ 40. Rxf2 Rf8 41. gxf6 Rxf6 42. Ra2 a6 43. Ra5 Nc4 44. Ra4 Ne5 45. Bf5 g6 46. Bc8 Rc6 47. Rxa6 Rxa6 48. Bxa6 Kg7 49. Kg3 Kf6 50. Kf4 Nf7 51. Bc8 Ne5 52. Ba6 h6 53. Be2 g5+ 54. hxg5+ hxg5+ 55. Kg3 Ke7 56. Ba6 Kd6 57. Bb7 Kc5 58. Bd5 Kd4 59. Ba8 Ke3 60. Bd5 Kd4 61. Ba8 Nc4 62. Kg4 Ke5 63. Kxg5 Nd6 64. Bd5 Nb5 65. Kg4 Nc3 66. Kg3 Ne2+ 67. Kf2 Nd4 68. Ke3 Nb5 69. Kd3 Nd6 70. Bc6 Nc8 71. Bd5 Ne7 72. Kc4 Ng6 73. Kc5 Nf4 74. Kc4 Ne2 75. Kc5 Nd4 76. Kc4 Nf3 77. Kc5 Ng5 78. Kc4 Nh7 79. Kc5 Nf6 80. Kc4 Ne8 81. Kc5 Nc7 82. Kc4 Na6 83. Kb5 Nc7+ 84. Kc4 Ne8 85. Kc5 Nf6 86. Kc4 Nxe4 1/2-1/2


[Site "https://www.chess.com"]

[Event "Titled Tuesday Blitz March 21 Late 2023"]
[White "TigranHH"]
[Black "Urbina Perez, Juan Antonio"]
[BlackFideId "2217368"]
[WhiteElo "2324"]
[BlackElo "2197"]
[Result "0-1"]
[Round "08"]
[TimeControl "180+2"]
[Date "2023.03.21"]
[WhiteClock "0:00:58"]
[BlackClock "0:01:12"]

1. d4 d5 2. c4 c6 3. Nc3 Nf6 4. e3 a6 5. Bd3 e6 6. Nf3 dxc4 7. Bxc4 b5 8. Be2 c5 9. e4 cxd4 10. Qxd4 Qxd4 11. Nxd4 Bb7 12. f3 Nc6 13. Be3 Rd8 14. O-O-O Bc5 15. Nc2 Bxe3+ 16. Nxe3 Ke7 17. Rxd8 Rxd8 18. Rd1 Rxd1+ 19. Kxd1 Nd7 20. a4 b4 21. Na2 a5 22. Nc1 Nc5 23. b3 g6 24. Kd2 f5 25. exf5 gxf5 26. Bc4 Ne5 27. Nd3 Nexd3 28. Bxd3 Nxb3+ 29. Kc2 Nd4+ 30. Kb2 Bc6 31. Nc4 Bxa4 32. Nxa5 Bc6 33. Nxc6+ Nxc6 34. Kb3 Kd6 35. Bc4 Kc5 36. Ba6 Nd4+ 37. Kb2 e5 38. Bb7 h6 39. Bc8 f4 40. g4 Nxf3 41. Bf5 Nd4 42. Be4 Nb5 43. h4 Nc3 44. Bd3 e4 45. Bf1 Nd1+ 46. Kc2 Ne3+ 0-1


[Site "https://www.chess.com"]

[Event "Titled Tuesday Blitz March 21 Late 2023"]
[White "Cyfka, Karina"]
[Black "Bolourchifard, Farzad"]
[WhiteFideId "1122681"]
[BlackFideId "12510084"]
[WhiteElo "2241"]
[BlackElo "2317"]
[Result "0-1"]
[Round "08"]
[TimeControl "180+2"]
[Date "2023.03.21"]
[WhiteClock "0:00:05"]
[BlackClock "0:00:15"]

1. e4 e5 2. Nf3 Nc6 3. Nc3 Nf6 4. a3 g6 5. d4 exd4 6. Nxd4 Bg7 7. Be3 d6 8. f3 O-O 9. Qd2 Re8 10. O-O-O a6 11. h4 Nxd4 12. Bxd4 b5 13. g4 Be6 14. h5 c5 15. Be3 b4 16. Nb1 bxa3 17. Nxa3 Rb8 18. c3 Bxg4 19. hxg6 Bxf3 20. gxf7+ Kxf7 21. Bc4+ Ke7 22. Bg5 Bxh1 23. Rxh1 Kd7 24. Rxh7 Re7 25. Rh4 Kc7 26. Qc2 Qd7 27. Kb1 Qc6 28. Bd5 Nxd5 29. exd5 Re1+ 30. Bc1 Qxd5 31. Rh7 Qe5 32. Nc4 Qf6 33. Qa4 Qg6+ 34. Ka2 Qxh7 35. Qa5+ Kd7 36. Qa4+ Ke7 37. Bg5+ Kf8 38. Qd7 Qg6 39. Nxd6 Qe6+ 0-1


[Site "https://www.chess.com"]

[Event "Titled Tuesday Blitz March 21 Late 2023"]
[White "Baches Garcia, Guillermo"]
[Black "Jaferian, Koosha"]
[WhiteFideId "2209764"]
[BlackFideId "12507440"]
[WhiteElo "2443"]
[BlackElo "2107"]
[Result "0-1"]
[Round "08"]
[TimeControl "180+2"]
[Date "2023.03.21"]
[WhiteClock "0:01:25"]
[BlackClock "0:02:44"]

1. Nc3 d5 2. d4 Nf6 3. Bf4 c5 4. e3 cxd4 5. exd4 a6 6. Nf3 Nc6 7. Ne5 Bd7 8. Nxd7 Qxd7 9. Be2 e6 10. O-O Bb4 11. Na4 Qd8 12. c3 Bd6 13. Bxd6 Qxd6 14. Nc5 Rb8 15. f4 O-O 16. Bd3 Ne7 17. Qe2 Nf5 18. g4 Ne7 19. g5 Nd7 20. b4 g6 21. Rf3 Nf5 22. Rh3 Nxc5 23. bxc5 Qxf4 0-1


[Site "https://www.chess.com"]

[Event "Titled Tuesday Blitz March 21 Late 2023"]
[White "Forgacs, Attila Jr."]
[Black "Munoz, Francisco Javier"]
[WhiteFideId "773654"]
[BlackFideId "128368"]
[WhiteElo "2168"]
[BlackElo "2383"]
[Result "0-1"]
[Round "08"]
[TimeControl "180+2"]
[Date "2023.03.21"]
[WhiteClock "0:00:01"]
[BlackClock "0:00:14"]

1. e4 e5 2. Nf3 Nc6 3. Bb5 a6 4. Ba4 Nge7 5. c3 g6 6. d4 exd4 7. cxd4 Bg7 8. Nc3 O-O 9. d5 b5 10. Bc2 Nb4 11. Bb1 a5 12. a3 Na6 13. Nxb5 Nc5 14. O-O Ba6 15. Nbd4 Bxf1 16. Qxf1 a4 17. Qc4 d6 18. Bg5 Qd7 19. e5 Rfb8 20. Bxe7 Qxe7 21. Nc6 Qe8 22. Nxb8 Rxb8 23. exd6 cxd6 24. Bc2 Bxb2 25. Re1 Qb5 26. Qf4 Qd7 27. Ng5 Re8 28. Rb1 Bxa3 29. Qh4 h5 30. h3 Qe7 31. g4 Bb4 32. gxh5 Bd2 33. Nf3 Qxh4 34. Nxh4 gxh5 35. Nf5 Re1+ 36. Rxe1 Bxe1 37. Nxd6 a3 38. Bb1 Na4 39. Nb5 Bb4 40. Ba2 Nc5 41. d6 Kf8 42. Kf1 Ne4 43. Ke2 Bxd6 44. f3 Ng3+ 45. Kf2 Bf4 46. Nd4 h4 47. Kg2 Bd6 0-1


[Site "https://www.chess.com"]

[Event "Titled Tuesday Blitz March 21 Late 2023"]
[White "Petukhov, Dmitry"]
[Black "marik_spb"]
[WhiteFideId "4142748"]
[WhiteElo "2311"]
[BlackElo "2421"]
[Result "1-0"]
[Round "08"]
[TimeControl "180+2"]
[Date "2023.03.21"]
[WhiteClock "0:00:29"]
[BlackClock "0:00:01"]

1. e4 c6 2. d4 d5 3. Nd2 dxe4 4. Nxe4 Nf6 5. Nxf6+ exf6 6. c3 Bd6 7. Bd3 Na6 8. Qh5 Nc7 9. Ne2 g6 10. Qh4 h5 11. f4 Nd5 12. O-O f5 13. Qxd8+ Kxd8 14. a3 h4 15. c4 Nf6 16. h3 Ne4 17. Nc3 Ng3 18. Re1 Bd7 19. Bd2 Kc7 20. c5 Bf8 21. b4 Bg7 22. d5 Rae8 23. d6+ Kd8 24. Rxe8+ Rxe8 25. Re1 Bd4+ 26. Kh2 Be6 27. Ne2 Bf2 28. Rb1 Bd5 29. Nc3 Be4 30. Bxe4 fxe4 31. Be1 e3 32. b5 cxb5 33. Nxb5 Bxe1 34. Rxe1 Re4 35. Nxa7 e2 36. Nb5 Rxf4 37. Nc3 Rf1 38. Rxe2 Nxe2 39. Nxe2 Ra1 40. Nd4 Rxa3 41. c6 bxc6 42. Nxc6+ Ke8 43. Ne5 Re3 44. d7+ Ke7 45. Nxf7 Kxd7 46. Ng5 Ke7 47. Nf3 Re4 48. Kg1 Kf6 49. Kf2 g5 50. Nh2 Kf5 51. Kf3 Ra4 52. Ng4 Ra3+ 53. Ne3+ Ke5 54. Kf2 Ke4 55. Ng4 Ra2+ 56. Kg1 Kf4 57. Kh2 Re2 58. Nh6 1-0


[Site "https://www.chess.com"]

[Event "Titled Tuesday Blitz March 21 Late 2023"]
[White "Rottenwohrer Suarez, Juan"]
[Black "Cella, Glaucio Dalla Cortt"]
[WhiteFideId "32068182"]
[BlackFideId "2119455"]
[WhiteElo "2174"]
[BlackElo "2011"]
[Result "0-1"]
[Round "08"]
[TimeControl "180+2"]
[Date "2023.03.21"]
[WhiteClock "0:00:04"]
[BlackClock "0:00:21"]

1. e4 c5 2. Nf3 e6 3. d4 cxd4 4. Nxd4 Nf6 5. Nc3 Bb4 6. Bd3 d5 7. Bb5+ Bd7 8. exd5 Nxd5 9. O-O Nxc3 10. bxc3 Bxc3 11. Rb1 O-O 12. Ba3 Bxd4 13. Bxf8 Bxb5 14. Bc5 Bxf1 15. Bxd4 Ba6 16. Qg4 g6 17. Qf4 Nd7 18. Ba1 e5 19. Qh6 Qf8 20. Qh3 Qd6 21. Qf3 Rc8 22. Rd1 Qe6 23. Rd2 f6 24. h4 Nc5 25. Kh2 Qf5 26. Qd5+ Kg7 27. g3 Ne4 28. Qd7+ Qxd7 29. Rxd7+ Kh6 0-1


[Site "https://www.chess.com"]

[Event "Titled Tuesday Blitz March 21 Late 2023"]
[White "Reprintsev, Alexander"]
[Black "Castellanos Gomez, Alejandro"]
[WhiteFideId "14100541"]
[BlackFideId "22284141"]
[WhiteElo "2229"]
[BlackElo "2158"]
[Result "1-0"]
[Round "08"]
[TimeControl "180+2"]
[Date "2023.03.21"]
[WhiteClock "0:01:40"]
[BlackClock "0:00:02"]

1. e4 e6 2. d4 d5 3. Nc3 Bb4 4. Ne2 dxe4 5. a3 Be7 6. Nxe4 Nf6 7. Qd3 Nbd7 8. N2c3 c5 9. dxc5 Nxc5 10. Qxd8+ Kxd8 11. Nxc5 Bxc5 12. Bf4 Ke7 13. f3 Rd8 14. Bd3 Nh5 15. Bd2 Bd7 16. O-O-O Nf6 17. Ne4 Nxe4 18. Bxe4 Bc6 19. Bxc6 bxc6 20. c4 Bd4 21. Kc2 c5 22. b4 Rac8 23. b5 f5 24. Bg5+ Bf6 25. Bxf6+ Kxf6 26. a4 Rd4 27. Rxd4 cxd4 28. Kd3 e5 29. f4 exf4 30. Kxd4 g5 31. c5 Rd8+ 32. Kc4 g4 33. c6 h5 34. a5 Rd2 35. b6 Rc2+ 36. Kb5 a6+ 37. Kxa6 Rxc6 38. Kb7 Re6 39. a6 Re7+ 40. Kc6 Re6+ 41. Kc7 Re7+ 42. Kd8 Re6 43. Rb1 Kf7 44. a7 f3 45. gxf3 gxf3 46. b7 Re8+ 47. Kc7 Re7+ 48. Kc6 Re6+ 49. Kd5 f2 50. b8=Q Re1 51. Rb7+ Kg6 52. Qg8+ Kf6 53. Qg7# 1-0


[Site "https://www.chess.com"]

[Event "Titled Tuesday Blitz March 21 Late 2023"]
[White "Kovalevsky, Stanislav"]
[Black "Hajiyev, Kanan"]
[WhiteFideId "13508598"]
[BlackFideId "13404148"]
[WhiteElo "2174"]
[BlackElo "2103"]
[Result "1-0"]
[Round "08"]
[TimeControl "180+2"]
[Date "2023.03.21"]
[WhiteClock "0:00:13"]
[BlackClock "0:00:16"]

1. c4 Nf6 2. Nc3 c5 3. g3 b6 4. Bg2 Nc6 5. Nf3 Bb7 6. O-O g6 7. d4 cxd4 8. Nxd4 Bg7 9. Nxc6 Bxc6 10. Bxc6 dxc6 11. Bf4 O-O 12. Qa4 Qc8 13. Rad1 Qh3 14. Qxc6 Rac8 15. Qg2 Qxg2+ 16. Kxg2 Rxc4 17. Be5 Rfc8 18. Rd3 Ne8 19. Bxg7 Kxg7 20. Rfd1 Nd6 21. Nd5 Re4 22. Kf3 Re5 23. Nxe7 Rxe7 24. Rxd6 Rc2 25. R6d2 Rc5 26. e3 Rf5+ 27. Kg2 Ra5 28. a3 Rb5 29. Rc2 h5 30. Kf3 Rf5+ 31. Ke2 Rb5 32. h4 Rb3 33. Rd3 Rb5 34. b4 a5 35. Rc4 axb4 36. axb4 Ra7 37. Rd6 Ra4 38. Rdd4 Ra2+ 39. Kf3 Ra4 40. Rf4 Ra7 41. Rc6 Re7 42. Ke2 Ra7 43. Kd3 Rb7 44. Re4 Rd5+ 45. Kc4 Rf5 46. Rf4 b5+ 47. Kd4 Rd7+ 48. Kc3 Rfd5 49. Rd4 Rxd4 50. exd4 Kf8 51. Rc5 Rb7 52. d5 Ke7 53. Kd4 Kd7 54. Rc6 Ra7 55. Rf6 Ke7 56. Rb6 Ra4 57. Kc5 Ra2 58. Rb7+ Kf6 59. Kxb5 Rd2 60. Kc6 Rxf2 61. Kd7 Rc2 62. d6 Rc3 63. b5 Rxg3 64. b6 g5 65. hxg5+ Rxg5 66. Rb8 Rb5 67. Kc6 Rb1 68. d7 Rc1+ 69. Kb5 Rb1+ 70. Kc4 Rc1+ 71. Kb3 Rd1 72. d8=Q+ Rxd8 73. Rxd8 h4 74. Rh8 Ke7 75. Rxh4 Kd7 76. b7 Kc7 77. Rh7 Kxb7 78. Rxf7+ Kc6 79. Kc4 Kd6 80. Rf5 Ke6 81. Rd5 Kf6 82. Kd4 Ke6 83. Ke4 Kf6 84. Re5 Kg6 85. Kf4 Kf6 86. Ke4 Kf7 87. Kf5 Kg7 88. Re6 Kf7 89. Ke5 Kg7 90. Rf6 Kg8 91. Kf5 Kg7 92. Kg5 Kg8 93. Kg6 Kh8 94. Rf8# 1-0


[Site "https://www.chess.com"]

[Event "Titled Tuesday Blitz March 21 Late 2023"]
[White "Omelja, Artem"]
[Black "Rios Escobar, Adan"]
[WhiteFideId "14119846"]
[BlackFideId "3403645"]
[WhiteElo "2404"]
[BlackElo "2410"]
[Result "1-0"]
[Round "08"]
[TimeControl "180+2"]
[Date "2023.03.21"]
[WhiteClock "0:00:21"]
[BlackClock "0:00:01"]

1. e4 c5 2. Nf3 d6 3. Bb5+ Nd7 4. O-O a6 5. Bd3 Ngf6 6. c4 g5 7. Nxg5 Rg8 8. f4 h6 9. Nf3 Nh5 10. Ne1 Ndf6 11. f5 e5 12. Be2 Nf4 13. d3 Nh3+ 14. Kh1 Ng5 15. Nf3 Ngxe4 16. dxe4 Nxe4 17. Bd3 Bxf5 18. Nc3 Nxc3 19. bxc3 Be6 20. Rb1 Qd7 21. Qb3 Rb8 22. Be4 f5 23. Bxb7 e4 24. Bc6 Rxb3 25. Bxd7+ Bxd7 26. axb3 exf3 27. Rxf3 Bc6 28. Rf2 h5 29. Bf4 h4 30. h3 Kd7 31. Rd1 Be7 32. Kh2 Ke6 33. Re2+ Be4 34. Red2 Rd8 35. b4 Rc8 36. Bxd6 cxb4 37. Bxe7 Kxe7 38. Rd7+ Ke8 39. cxb4 Rxc4 40. Ra7 Rxb4 41. Rdd7 Rb2 42. Rg7 Rc2 43. Rg8# 1-0


[Site "https://www.chess.com"]